 Dungeon Crawl Stone Soup version 0.28.0 (webtiles) character file.

Game seed: 6210097018054554144

1529 danielguo94 the Basher (level 8, -7/49 HPs)
             Began as a Gargoyle Fighter on Feb 6, 2022.
             Mangled by an ogre (10 damage)
             ... on level 6 of the Dungeon.
             The game lasted 00:05:19 (4693 turns).

danielguo94 the Basher (Gargoyle Fighter)           Turns: 4693, Time: 00:05:20

Health: -7/49      AC: 16    Str: 23    XL:     8   Next: 85%
Magic:  8/8        EV: 10    Int:  8    God:
Gold:   122        SH:  4    Dex:  9    Spells: 7/7 levels left

rFire   . . .      SeeInvis .   a - +0 flail
rCold   + . .      Faith    .   c - +0 buckler
rNeg    + + .      Spirit   .   b - +0 scale mail
rPois   ∞          Reflect  .   m - +0 helmet
rElec   +          Harm     .   (no cloak)
rCorr   .          Rampage  .   n - +1 pair of gloves
Will    .....                   (no boots)
Stlth   ..........              (no amulet)
HPRegen 0.16/turn               k - ring of protection from cold
MPRegen 0.11/turn               h - ring of positive energy

@: no status effects
A: sickness immunity, AC +5, negative energy resistance 1, electricity
resistance, torment resistance 1, petrification resistance
a: no special abilities


You were on level 6 of the Dungeon.
You visited 1 branch of the dungeon, and saw 6 of its levels.

You collected 294 gold pieces.
You spent 172 gold pieces at shops.

Inventory:

Hand Weapons
 a - a +0 flail (weapon)
Missiles
 e - 154 stones (quivered)
 i - 9 poisoned darts
 z - 10 boomerangs
 A - 4 boomerangs of dispersal
Armour
 b - a +0 scale mail (worn)
 c - a +0 buckler (worn)
 m - a +0 helmet (worn)
 n - a +1 pair of gloves (worn)
Jewellery
 h - a ring of positive energy (right hand)
 k - a ring of protection from cold (left hand)
Wands
 v - a wand of polymorph (2)
 w - a wand of iceblast (2)
 x - a wand of mindburst (10)
Scrolls
 f - a scroll of noise {unknown}
 g - 2 scrolls of enchant armour
 q - a scroll of magic mapping {unknown}
 s - 2 scrolls of immolation
 t - 2 scrolls of fog
 y - a scroll of brand weapon {unknown}
 B - a scroll of blinking {unknown}
 D - a scroll of teleportation {unknown}
Potions
 d - 4 potions of might
 j - 3 potions of mutation {unknown}
 l - 3 potions of degeneration {unknown}
 o - a potion of lignification {unknown}
 r - a potion of magic {unknown}
 u - a potion of haste {unknown}
 C - a potion of curing {unknown}


   Skills:
 + Level 5.0 Fighting
 * Level 8.5 Maces & Flails
 + Level 5.5 Armour
 + Level 1.9 Dodging
 + Level 4.7 Shields


You had 7 spell levels left.
You didn't know any spells.
Your spell library contained the following spells:

 Spells                   Type           Power      Damage    Failure   Level
 Sandblast                Erth           0%         2d4       80%         1
 Passwall                 Tmut/Erth      0%         N/A       90%         2
 Frozen Ramparts          Ice            0%         1d2       99%         3
 Stone Arrow              Conj/Erth      0%         3d7       99%         3
 Ice Form                 Ice/Tmut       0%         N/A       100%        4
 Summon Ice Beast         Ice/Summ       0%         N/A       100%        4


Dungeon Overview and Level Annotations

Branches:
Dungeon (6/15)
 Temple: D:4-7

Altars:
Yredelemnul

Shops:
D:3 *


Innate Abilities, Weirdness & Mutations

You are immune to sickness and miasma.
Your stone body is resilient. (AC +5)
You are immune to poison.
You resist negative energy. (rN+)
You are resistant to electric shocks. (rElec)
You are resistant to unholy torment.
You are immune to petrification.


Message History

The steam dragon is almost dead.
The steam dragon bites you but does no damage.
You block the steam dragon's attack.
You hit the steam dragon.
You kill the steam dragon!
You hear the slow hiss of a distant avalanche of sand.
Your Fighting skill increases to level 5!
You sock the ogre!
The ogre is heavily wounded.
The ogre hits you but does no damage.
Found a dagger.
A jelly comes into view.
The jelly quivers.
The jelly hits you but does no damage.
Found 19 sling bullets.
Found 16 gold pieces.
Okay, then.
Unknown command.
You barely miss the ogre.
The ogre is heavily wounded.
The ogre completely misses you.
You hit the ogre but do no damage.
The ogre is heavily wounded.
You block the ogre's attack.
You hit the ogre.
The ogre is heavily wounded.
The ogre closely misses you.
You completely miss the ogre.
The ogre is heavily wounded.
You hit the ogre.
The ogre is heavily wounded.
The ogre closely misses you.
You barely miss the ogre.
The ogre is heavily wounded.
The ogre hits you with a +0 giant club!
* * * LOW HITPOINT WARNING * * *
You sock the ogre!
The ogre is almost dead.
The ogre hits you with a +0 giant club!
You die...

....... .....
..... #..$#
#...#
#.###...
#......# #.
#@# #.## #O#
# #...##J# ..
#.#....# ...
#......# ....
#####.##.....
#......(..
#..##..#.#
#........#


You could see an ogre and a jelly.

Vanquished Creatures
  Grinder (D:3)
  Sigmund (D:4)
  A steam dragon (D:6)
  A black bear (D:4)
  A centaur (D:4)
  A phantom (D:6)
  3 scorpions
  A bullfrog skeleton (D:4)
  3 orc priests (D:5)
  4 hounds
  A jelly (D:6)
  Jessica (D:2)
  2 iguanas
  4 orc wizards
  A hound skeleton (D:4)
  Robin (D:2)
  4 gnolls (D:6)
  5 adders
  An ufetubus (D:3)
  3 dart slugs
  2 worms
  10 orcs
  7 ball pythons
  2 endoplasms (D:1)
  A giant cockroach (D:4)
  13 goblins
  8 hobgoblins
  6 kobolds
  5 quokkas
  5 bats
  3 frilled lizards
  4 rats
106 creatures vanquished.

Vanquished Creatures (others)
  An adder (D:6)
1 creature vanquished.

Grand Total: 107 creatures vanquished

Notes
Turn   | Place    | Note
-------+----------+-------------------------------------------
     0 | D:1      | danielguo94 the Gargoyle Fighter began the quest for the
                  | Orb.
     0 | D:1      | Reached XP level 1. HP: 14/14 MP: 1/1
    52 | D:1      | Reached XP level 2. HP: 16/19 MP: 2/2
   831 | D:2      | Noticed a scorpion
   844 | D:2      | Killed a scorpion
   845 | D:2      | Reached skill level 3 in Maces & Flails
   845 | D:2      | Reached XP level 3. HP: 16/24 MP: 3/3
   845 | D:2      | Reached XP level 4. HP: 19/29 MP: 4/4
   897 | D:2      | Noticed Jessica
   906 | D:2      | Killed Jessica
   914 | D:2      | Reached XP level 5. HP: 27/33 MP: 5/5
   935 | D:2      | Noticed Robin
   971 | D:2      | HP: 1/33 [quokka (2)]
   979 | D:2      | Killed Robin
  1686 | D:3      | Found Amohiump's Assorted Antiques.
  1691 | D:3      | Bought a scroll labelled EKUTIRPHA DUTIGAAN for 25 gold
                  | pieces
  1691 | D:3      | Bought a scroll labelled BECAUTHR LORPHOW for 25 gold
                  | pieces
  1691 | D:3      | Bought a fizzy emerald potion for 22 gold pieces
  1852 | D:3      | Reached skill level 4 in Maces & Flails
  2291 | D:3      | Reached XP level 6. HP: 25/38 MP: 6/6
  2384 | D:3      | Noticed Grinder
  2385 | D:3      | Paralysed by Grinder for 5 turns
  2405 | D:3      | Killed Grinder
  2406 | D:3      | Reached skill level 5 in Maces & Flails
  2766 | D:3      | Reached XP level 7. HP: 43/43 MP: 7/7
  2808 | D:3      | Bought a short copper wand for 100 gold pieces
  2828 | D:4      | Noticed Sigmund
  2844 | D:4      | Killed Sigmund
  2845 | D:4      | Reached skill level 6 in Maces & Flails
  2845 | D:4      | Reached skill level 1 in Dodging
  3259 | D:4      | Reached skill level 5 in Armour
  3302 | D:4      | Reached XP level 8. HP: 43/48 MP: 8/8
  3728 | D:4      | Reached skill level 7 in Maces & Flails
  3827 | D:5      | Entered Level 5 of the Dungeon
  4394 | D:5      | Found a basalt altar of Yredelemnul.
  4465 | D:5      | Reached skill level 8 in Maces & Flails
  4665 | D:6      | Reached skill level 5 in Fighting
  4693 | D:6      | Mangled by an ogre

Illustrated notes

Levels and vault maps discovered:
D:1:      mrwooster_arrival_statue, layout_loops_ring
D:2:      layout_basic, uniq_robin, uniq_jessica
D:3:      layout_basic, serial_shops, shop_fountains, minmay_pentomino_pile,
          uniq_grinder
D:4:      black_bear_nest_2, layout_basic, uniq_sigmund
D:5:      layout_basic, marbit_many_paths
D:6:      layout_loops_cross, minmay_temple_entry_large_hall,
          nicolae_ossuary_entry_giza, uniq_eustachio

Skill      XL: |  1  2  3  4  5  6  7  8 |
---------------+-------------------------+-----
Maces & Flails | 3 4 5 6 8 |  8.5
Armour         | 4 5 |  5.5
Shields        | 4 |  4.7
Fighting       | 4 5 |  5.0
Dodging        | 1 |  1.9

Action                   |  1- 3 |  4- 6 |  7- 9 || total
-------------------------+-------+-------+-------++-------
Melee: Flail             |    49 |   162 |   249 ||   460
  Use: Scroll            |       |     1 |     2 ||     3
Armor: Scale mail        |    19 |   127 |   146 ||   292
Dodge: Dodged            |    21 |    69 |   127 ||   217
Block: Buckler           |    13 |    32 |    58 ||   103
